 Dungeon Crawl Stone Soup version 0.19.5 (webtiles) character file.

4870 Gargoyl the Poker (level 10, 0/86 HPs)
             Began as a Ghoul Abyssal Knight on Mar 31, 2017.
             Was a High Priest of Lugonu.
             Slain by Arsonius's ghost (21 damage)
             ... on level 9 of the Dungeon.
             The game lasted 00:18:27 (7248 turns).

Gargoyl the Poker (Ghoul Abyssal Knight)            Turns: 7248, Time: 00:18:27

Health: 0/86       AC: 21    Str: 22    XL:     10   Next: 50%
Magic:  14/14      EV:  7    Int:  7    God:    Lugonu [*****.]
Gold:   474        SH:  2    Dex: 15    Spells: 0 memorised, 9 levels left

rFire  + . .     SeeInvis .     y - +3 scythe
rCold  + . .     Gourm    .     i - +3 plate armour
rNeg   + + +     Faith    .     (shield currently unavailable)
rPois  ∞         Spirit   .     a - +1 helmet
rElec  .         Reflect  +     p - +0 cloak
rCorr  .         Harm     .     (no gloves)
MR     .....                    r - +0 pair of boots (curse)
Stlth  ..........               G - +2 amulet of reflection
                                H - +4 ring of dexterity
                                e - ring of protection from fire

@: mighty, flying, rotting
A: rotting body, claws 1, carnivore 3, cold resistance 1, negative energy
resistance 3, slow regeneration 1, torment resistance, unbreathing
a: Depart the Abyss, Bend Space, Banish, Corrupt, Enter the Abyss, Renounce
Religion


You were on level 9 of the Dungeon.
You worshipped Lugonu.
Lugonu was extremely pleased with you.
You were not hungry.

You visited 1 branch of the dungeon, and saw 9 of its levels.
You visited the Abyss 1 time.

You collected 474 gold pieces.

Inventory:

Hand Weapons
 o - a +1 trident of venom
 y - a +3 scythe (weapon)
 C - a +0 war axe
 L - a +0 broad axe
Missiles
 A - 13 javelins (quivered)
Armour
 a - a +1 helmet (worn)
 d - a +0 helmet
 i - a +3 plate armour (worn)
 p - a +0 cloak (worn)
 r - a cursed +0 pair of boots (worn)
Jewellery
 e - a ring of protection from fire (left claw)
 G - a +2 amulet of reflection (around neck)
 H - a +4 ring of dexterity (right claw)
Wands
 b - a wand of heal wounds (9/9)
 t - a wand of flame (20/48)
 D - a wand of slowing (12/48)
 F - a wand of heal wounds (3/9)
 K - a wand of acid (9/15)
Scrolls
 g - 4 scrolls of teleportation
 k - 6 scrolls of remove curse
 m - a scroll of fear
 s - 3 scrolls of magic mapping
 B - 2 scrolls of identify
Potions
 h - a potion of flight
 l - a potion of resistance {unknown}
 u - a potion of cancellation {unknown}
 v - a potion of haste {unknown}
 w - a potion of lignification {unknown}
 x - a potion of magic {unknown}
 I - a potion of brilliance {unknown}
 J - a potion of berserk rage {unknown}
Books
 q - a book of Callings

   Spells                             Type                      Level
   a - Summon Small Mammal            Summoning                    1
   b - Call Imp                       Summoning                    2
   c - Call Canine Familiar           Summoning                    3
   d - Summon Guardian Golem          Hexes/Summoning              3
   e - Summon Lightning Spire         Summoning/Air                4
   f - Summon Ice Beast               Ice/Summoning                4
 E - a book of Necromancy

   Spells                             Type                      Level
   a - Pain                           Necromancy                   1
   b - Animate Skeleton               Necromancy                   1
   c - Vampiric Draining              Necromancy                   3
   d - Regeneration                   Charms/Necromancy            3
   e - Animate Dead                   Necromancy                   4
   f - Control Undead                 Necromancy                   4
Comestibles
 c - 2 meat rations
 n - a chunk of flesh
 z - a slice of pizza


   Skills:
 + Level 7.2 Fighting
 + Level 4.2(6.5) Axes
 + Level 7.6(8.2) Polearms
 + Level 0.1 Throwing
 * Level 7.5 Armour
 + Level 1.1 Dodging
 * Level 7.2 Invocations


You had 9 spell levels left.
You didn't know any spells.

Dungeon Overview and Level Annotations

Branches:
Dungeon (9/15)             Temple (0/1) D:7
   Lair: D:8-11         Orc: D:9-12

Altars:
Ashenzari
Elyvilon
Hepliaklqana
Kikubaaqudgha
Okawaru
Qazlal
Ru
Vehumet
The Shining One

Annotations:
D:9 Arsonius's ghost, novice MiBe


Innate Abilities, Weirdness & Mutations

Your body is rotting away.
You thrive on raw meat.
You are immune to poison.
You have sharp fingernails.
You are carnivorous and can eat meat at any time.
Your flesh is cold resistant. (rC+)
You are immune to negative energy. (rN+++)
You regenerate slowly when monsters are visible.
You are immune to unholy pain and torment.
You can survive without breathing.


Message History

Arsonius's ghost is almost destroyed.
Arsonius's ghost says, "One skewered Ghoul, coming right up."
Arsonius's ghost hits you but does no damage. x2
You closely miss Arsonius's ghost.
Arsonius's ghost is almost destroyed.
You block Arsonius's ghost's attack.
You hit Arsonius's ghost.
Arsonius's ghost is almost destroyed.
Arsonius's ghost hits you.
* * * LOW HITPOINT WARNING * * *
Arsonius's ghost hits you but does no damage.
You miss Arsonius's ghost.
Arsonius's ghost is almost destroyed.
Arsonius's ghost hits you!
* * * LOW HITPOINT WARNING * * *
Arsonius's ghost hits you but does no damage.
You feel better.
Arsonius's ghost hits you but does no damage.
You feel better. Arsonius's ghost hits you!!
You die...

#....#######..###.....##.#
#....# ###.##.....####.#
#....#####......###.# #.#
#..........##.### #.# ##.#
#.##..#######.# ###.###..#
#.....## ##.###.......##
####...####...#.........#
##.[..#.##.......#......###
........†W@.#### ####.%####
.....###.##..# #...###..
....# #.#..## #.####...
.... #...## #.# #.... ...
#..# ##.###.... ..##
######..##..... ....
............... #.)..
.###....##.....
.......#.......


You could see Arsonius's ghost.

Vanquished Creatures
  An ugly thing (D:9)
  Grinder (D:3)
  2 hippogriffs
  Sigmund (D:4)
  A spriggan (D:7)
  A hungry ghost (D:7)
  A wyvern (D:7)
  2 ice beasts
  2 sky beasts
  An orc warrior (D:7)
  A phantom (D:9)
  A centaur (D:9)
  6 ogres
  4 bullfrogs
  2 gnoll sergeants (D:9)
  4 scorpions
  3 wights (D:8)
  A killer bee (D:7)
  A howler monkey (D:4)
  3 crimson imps
  A centaur zombie (D:8)
  A quasit (D:7)
  4 hounds
  8 orc priests
  A jelly (D:6)
  2 bullfrog skeletons (D:6)
  3 iguanas
  5 orc wizards
  Ijyb (D:3)
  Terence (D:3)
  5 worker ants
  A killer bee zombie (D:5)
  A hound zombie (D:5)
  2 hound skeletons
  A worker ant zombie (D:8)
  Robin (D:3)
  11 gnolls
  8 adders
  An ooze (D:1)
  An adder zombie (D:8)
  An adder skeleton (D:6)
  2 dart slugs (D:1)
  4 leopard geckos
  32 orcs
  7 bats
  3 giant cockroaches
  16 goblins
  7 hobgoblins
  6 jackals
  5 quokkas
  7 frilled lizards
  A jackal zombie (D:7)
  3 kobolds (D:2)
  A leopard gecko skeleton (D:6)
  2 quokka skeletons
  A quokka zombie (D:8)
  9 rats
205 creatures vanquished.

Notes
Turn   | Place    | Note
-------+----------+-------------------------------------------
     0 | Abyss:1  | Gargoyl the Ghoul Abyssal Knight began the quest for the Orb.
     0 | Abyss:1  | Reached XP level 1. HP: 19/19 MP: 1/1
    62 | Abyss:2  | Noticed a large abomination
    73 | Abyss:2  | Noticed a small abomination
    80 | D:1      | Escaped the Abyss
   298 | D:1      | Reached XP level 2. HP: 24/25 MP: 2/2
   341 | D:1      | Reached * piety under Lugonu
   545 | D:1      | Reached XP level 3. HP: 32/33 MP: 3/3
   823 | D:2      | Reached skill level 1 in Dodging
   857 | D:2      | Reached XP level 4. HP: 40/40 MP: 4/4
   957 | D:2      | Found a stormy altar of Qazlal.
  1079 | D:2      | Reached ** piety under Lugonu
  1280 | D:3      | Noticed Ijyb
  1296 | D:3      | Killed Ijyb
  1447 | D:3      | Reached XP level 5. HP: 36/46 MP: 6/6
  1512 | D:3      | Noticed Terence
  1534 | D:3      | Killed Terence
  1720 | D:3      | Noticed Grinder
  1739 | D:3      | Killed Grinder
  1739 | D:3      | Reached XP level 6. HP: 53/53 MP: 7/7
  1745 | D:3      | Noticed Robin
  1778 | D:3      | Killed Robin
  2205 | D:4      | Found a glowing golden altar of the Shining One.
  2215 | D:4      | Reached skill level 1 in Polearms
  2230 | D:4      | Reached XP level 7. HP: 51/59 MP: 8/8
  2364 | D:4      | Found a radiant altar of Vehumet.
  2577 | D:4      | Noticed Sigmund
  2589 | D:4      | Killed Sigmund
  2589 | D:4      | Reached skill level 5 in Fighting
  2904 | D:5      | Entered Level 5 of the Dungeon
  2970 | D:5      | Reached *** piety under Lugonu
  3062 | D:5      | Reached XP level 8. HP: 66/68 MP: 10/10
  3181 | D:5      | Found an iron altar of Okawaru.
  3447 | D:5      | Found a sacrificial altar of Ru.
  3991 | D:6      | Found a white marble altar of Elyvilon.
  4085 | D:6      | Reached skill level 5 in Invocations
  4382 | D:6      | Reached skill level 5 in Armour
  4616 | D:6      | Reached skill level 5 in Polearms
  4723 | D:6      | Reached XP level 9. HP: 75/75 MP: 12/12
  5113 | D:7      | Reached **** piety under Lugonu
  5826 | D:7      | Found a glowing golden altar of the Shining One.
  5928 | D:7      | Found an ancient bone altar of Kikubaaqudgha.
  5961 | D:7      | Found a staircase to the Ecumenical Temple.
  6047 | D:7      | Found a shattered altar of Ashenzari.
  6218 | D:8      | Reached XP level 10. HP: 73/84 MP: 13/13
  6698 | D:8      | Found a hazy altar of Hepliaklqana.
  7064 | D:9      | Reached ***** piety under Lugonu
  7200 | D:9      | Noticed a red ugly thing
  7201 | D:9      | Noticed Arsonius's ghost (novice MiBe)
  7217 | D:9      | Killed a red ugly thing
  7229 | D:9      | HP: 1/85 [Arsonius's ghost (16)]
  7246 | D:9      | HP: 3/86 [Arsonius's ghost (11)]
  7248 | D:9      | Slain by Arsonius's ghost

Skill      XL: |  1  2  3  4  5  6  7  8  9 10 |
---------------+-------------------------------+-----
Armour         | 2 3 4 5 6 7 |  7.5
Axes           | 2 3 4 |  4.2
Fighting       | 4 5 6 7 |  7.2
Dodging        | 1 |  1.1
Invocations    | 3 4 5 6 7 |  7.2
Polearms       | 1 3 5 6 7 |  7.6
Throwing       | |  0.1

Action                   |  1- 3 |  4- 6 |  7- 9 | 10-12 || total
-------------------------+-------+-------+-------+-------++-------
Melee: Hand axe          |    99 |    98 |       |       ||   197
       Trident           |       |    79 |   553 |   128 ||   760
       Scythe            |       |       |       |    95 ||    95
Throw: Javelin           |       |       |     5 |       ||     5
Invok: Depart the Abyss  |     1 |       |       |       ||     1
  Use: Scroll            |     5 |     7 |     5 |       ||    17
       Potion            |       |       |       |     8 ||     8
  Eat: Chunk             |    11 |    13 |    57 |    21 ||   102
Armor: Plate armour      |   104 |   158 |   437 |   162 ||   861
       Chain mail        |     2 |       |       |       ||     2
Dodge: Dodged            |    34 |    51 |   158 |    57 ||   300
Block: Other             |       |       |    14 |    19 ||    33
       Reflection        |       |       |       |     1 ||     1
